Map: Last Remnant

Players

Magnetic

  • Race: Zerg Zerg
  • Spawn Location: 1:00

Infamous

  • Race: Protoss Protoss
  • League: Silver
  • Spawn Location: 12:00

Hircs

  • Race: Protoss Protoss
  • Spawn Location: 3:00

IHEROSIRodrk

  • Race: Zerg Zerg
  • League: Diamond
  • Spawn Location: 12:00

Twosmart

  • Race: Terran Terran
  • League: Silver
  • Spawn Location: 6:00

MasterChief

  • Race: Terran Terran
  • Spawn Location: 7:00

Lucid

  • Race: Terran Terran
  • Spawn Location: 9:00

CptPattison

  • Race: Protoss Protoss
  • Spawn Location: 6:00

VOD

Have the link to the VOD?

Description

Time

  • Played on: April 2, 2018, 5:08 p.m.
  • Length: 14:07
Show
View Real Time Build Order
Export as new Build Order

Magnetic Zerg 

Build Orders: Pool First 

Get SALT Encoding   

  12  0:07  Drone  
  12  0:08  Drone  
  14  0:18  Overlord  
  14  0:39  Drone  
  14  0:40  Drone  
  16  0:48  Spawning Pool  
  15  0:52  Drone x2  
  17  1:02  Evolution Chamber  
  16  1:04  Drone  
  17  1:17  Drone  
  18  1:22  Extractor  
  18  1:25  Extractor  
  16  1:36  Zergling x4  
  18  1:45  Zergling x2  
  19  2:04  Zergling x2  
  20  2:17  Drone x2  
  22  2:31  Overlord  
  22  3:02  Zergling x6  
  25  3:16  Drone  
  22  3:45  Zergling x4  
  22  3:46  Metabolic Boost  
  24  3:50  Zerg Melee Weapons Level 1  
  24  4:01  Zergling x2  
  24  4:02  Zergling x2  
  26  4:09  Zergling x2  
  25  4:24  Zergling x2  
  25  4:27  Lair  
  19  5:23  Zergling x6  
  22  5:33  Infestation Pit  
  21  5:37  Drone  
  22  5:44  Zerg Ground Armor Level 1  
  22  5:57  Spire  
  22  5:58  Drone  
  22  5:59  Drone  
  20  6:17  Overlord  
  20  6:27  Hive, Hatchery  
  19  6:39  Drone x2  
  21  6:42  Drone  
  22  7:08  Drone x2  
  23  7:29  Overseer x2  
  15  7:47  Overseer  
  14  8:05  Spawning Pool  
  13  8:10  Spire  
  12  8:13  Spore Crawler  
  11  8:22  Drone  
  11  8:23  Drone x2  
  14  8:40  Evolution Chamber  
  13  8:52  Spawning Pool  
  12  8:56  Pneumatized Carapace  
  12  8:59  Drone  
  12  9:00  Drone x2  
  15  9:07  Spore Crawler  
  14  9:13  Lair  
  14  9:15  Zerg Melee Weapons Level 2  
  14  9:38  Overlord  
  14  9:39  Overlord  
  14  9:48  Drone x2  
  14  9:49  Drone x2  
  18  9:57  Mutalisk  
  20  10:00  Mutalisk  
  22  10:10  Spine Crawler  
  22  10:12  Spore Crawler  
  22  10:13  Drone  
  22  10:14  Drone x2  
  23  10:30  Mutalisk  
  23  10:31  Mutalisk  
  25  11:02  Corruptor x2  
  25  11:03  Corruptor  
  30  11:28  Corruptor x2  
  30  11:31  Zerg Missile Weapons Level 1  
  34  11:39  Extractor  
  33  11:43  Extractor  
  33  11:44  Drone x3  
  35  11:47  Corruptor  
  37  12:05  Mutalisk  
  37  12:07  Mutalisk  
  41  12:35  Drone  
  41  12:36  Drone x2  
  28  13:12  Corruptor  
  28  13:13  Corruptor x3  
  28  13:14  Corruptor  
  28  13:15  Corruptor  
Show
View Real Time Build Order
Export as new Build Order

Infamous Protoss 

Build Orders: 1 Gate Expand 

Get SALT Encoding   

  12  0:03  Probe  
  13  0:17  Probe  
  13  0:21  Pylon  
  14  0:31  Probe  
  15  0:40  Gateway  
  15  0:43  Probe (Chrono Boost)  
  16  0:52  Probe (Chrono Boost)  
  16  0:54  Assimilator  
  17  1:11  Probe  
  18  1:22  Nexus  
  18  1:32  Cybernetics Core  
  18  1:39  Probe (Chrono Boost)  
  19  1:52  Probe (Chrono Boost)  
  20  1:56  Assimilator  
  20  1:59  Zealot  
  20  2:00  Probe (Chrono Boost)  
  23  2:07  Pylon  
  23  2:21  Warp Gate  
  23  2:26  Probe  
  24  2:37  Stargate  
  24  2:38  Probe (Chrono Boost)  
  24  2:42  Probe (Chrono Boost)  
  26  2:50  Probe (Chrono Boost)  
  28  2:52  Probe (Chrono Boost), Stalker  
  28  2:57  Assimilator  
  30  2:59  Probe  
  31  3:14  Stargate  
  31  3:21  Probe  
  32  3:27  Probe  
  33  3:37  Void Ray (Chrono Boost)  
  37  3:42  Assimilator  
  37  3:43  Probe (Chrono Boost)  
  37  3:48  Probe (Chrono Boost)  
  39  3:54  Probe (Chrono Boost)  
  40  4:00  Probe  
  40  4:01  Void Ray (Chrono Boost)  
  45  4:03  Probe  
  46  4:32  Pylon  
  46  4:35  Pylon  
  46  4:50  Pylon, Probe x2, Void Ray (Chrono Boost)  
  48  5:17  Void Ray (Chrono Boost)  
  48  5:21  Probe x2  
  54  5:28  Void Ray (Chrono Boost)  
  54  5:30  Stargate  
  54  5:35  Forge  
  54  5:49  Protoss Air Weapons Level 1  
  54  5:56  Probe x2, Void Ray (Chrono Boost)  
  60  5:59  Fleet Beacon  
  60  6:00  Pylon  
  60  6:02  Pylon  
  60  6:08  Shield Battery  
  60  6:10  Shield Battery  
  60  6:18  Probe x2  
  62  6:29  Void Ray (Chrono Boost)  
  66  6:34  Probe  
  66  6:35  Probe  
  68  6:43  Photon Cannon  
  68  6:46  Photon Cannon  
  68  7:08  Void Ray (Chrono Boost)  
  68  7:14  Void Ray (Chrono Boost)  
  68  7:15  Void Ray (Chrono Boost)  
  72  7:24  Stargate  
  72  7:27  Stargate  
  72  7:41  Protoss Air Armor Level 1 (Chrono Boost)  
  72  7:44  Void Ray  
  68  7:50  Void Ray (Chrono Boost)  
  76  8:11  Photon Cannon  
  76  8:14  Photon Cannon  
  76  8:18  Photon Cannon  
  76  8:22  Void Ray (Chrono Boost)  
  80  8:32  Photon Cannon  
  84  8:37  Void Ray (Chrono Boost)  
  84  8:41  Photon Cannon  
  84  8:45  Probe x2  
  86  9:19  Void Ray (Chrono Boost)  
  86  9:29  Void Ray (Chrono Boost)  
  86  9:30  Void Ray (Chrono Boost)  
  74  9:31  Void Ray (Chrono Boost)  
  74  9:34  Void Ray (Chrono Boost)  
  74  9:41  Probe x2  
  76  9:49  Pylon  
  76  9:52  Pylon  
  72  9:55  Pylon, Phoenix (Chrono Boost)  
  86  10:07  Nexus  
  86  10:09  Pylon  
  86  10:12  Pylon, Void Ray (Chrono Boost)  
  86  10:13  Void Ray x2 (Chrono Boost)  
  90  10:14  Pylon, Void Ray (Chrono Boost)  
  90  10:15  Void Ray (Chrono Boost)  
  90  10:18  Pylon  
  94  10:22  Pylon  
  94  10:41  Photon Cannon  
  94  10:42  Photon Cannon  
  94  10:45  Photon Cannon  
  94  10:47  Probe x2, Photon Cannon  
  94  10:48  Void Ray (Chrono Boost)  
  94  10:49  Void Ray (Chrono Boost)  
  108  10:52  Photon Cannon  
  108  10:53  Void Ray (Chrono Boost)  
  108  10:54  Void Ray (Chrono Boost)  
  108  10:55  Photon Cannon  
  112  10:59  Probe  
  113  11:16  Pylon  
  113  11:18  Probe x2  
  115  11:19  Pylon, Probe  
  115  11:21  Pylon  
  115  11:25  Pylon  
  116  11:27  Void Ray (Chrono Boost)  
  116  11:30  Probe x2  
  116  11:31  Probe, Void Ray (Chrono Boost)  
  127  11:39  Protoss Air Armor Level 2 (Chrono Boost)  
  127  11:42  Probe x2  
  129  11:50  Cybernetics Core  
  129  12:00  Probe x3  
  130  12:05  Void Ray x2 (Chrono Boost)  
  130  12:06  Void Ray (Chrono Boost)  
  134  12:10  Void Ray (Chrono Boost)  
  82  12:42  Void Ray (Chrono Boost)  
  82  12:45  Void Ray x3 (Chrono Boost)  
  82  12:46  Probe x3  
  101  12:51  Void Ray (Chrono Boost)  
  101  12:53  Assimilator  
  101  12:58  Probe x2, Assimilator  
  102  12:59  Probe  
  104  13:10  Probe x2  
  114  13:18  Void Ray  
  117  13:20  Void Ray  
Show
View Real Time Build Order
Export as new Build Order

Hircs Protoss 

Build Orders:  

Get SALT Encoding   

  12  0:05  Probe  
  13  0:25  Probe  
  14  0:31  Pylon  
  14  0:37  Probe  
  14  0:38  Assimilator  
  15  0:49  Probe  
  16  1:01  Probe  
  17  1:18  Probe, Nexus  
  18  1:39  Forge  
  18  1:42  Gateway  
  18  1:45  Probe  
  19  1:57  Probe  
  20  2:06  Pylon  
  20  2:09  Probe  
  21  2:22  Probe  
  22  2:25  Pylon  
  22  2:27  Assimilator  
  22  2:40  Photon Cannon  
  22  2:43  Cybernetics Core  
  22  2:47  Photon Cannon  
  22  2:52  Probe, Photon Cannon  
  23  3:04  Probe  
  24  3:08  Probe  
  25  3:16  Probe  
  26  3:22  Probe, Photon Cannon  
  27  3:29  Probe  
  28  3:35  Probe  
  28  3:36  Pylon  
  28  3:41  Probe  
  30  3:45  Assimilator  
  30  3:50  Probe, Assimilator  
  30  3:53  Probe  
  32  4:02  Photon Cannon  
  32  4:05  Probe  
  32  4:08  Photon Cannon  
  33  4:13  Probe  
  34  4:17  Probe  
  35  4:25  Probe  
  35  4:29  Probe  
  37  4:32  Pylon  
  37  4:40  Stargate  
  37  4:41  Probe  
  37  4:45  Stargate  
  38  4:47  Probe  
  39  4:53  Probe  
  40  5:04  Photon Cannon  
  40  5:05  Probe  
  41  5:09  Pylon  
  41  5:25  Photon Cannon  
  41  5:28  Phoenix x2  
  45  5:38  Fleet Beacon  
  45  5:40  Pylon  
  45  5:42  Probe  
  46  5:43  Probe  
  46  5:49  Protoss Air Weapons Level 1  
  47  5:55  Probe  
  48  6:00  Photon Cannon  
  48  6:03  Photon Cannon  
  48  6:07  Probe, Pylon  
  49  6:12  Pylon  
  49  6:18  Probe  
  50  6:19  Probe  
  50  6:24  Carrier  
  57  6:31  Probe  
  58  6:38  Carrier  
  64  6:51  Photon Cannon  
  64  6:53  Graviton Catapult  
  64  6:55  Probe  
  64  6:56  Probe  
  66  7:37  Nexus  
  66  7:41  Assimilator  
  66  7:46  Assimilator  
  66  7:49  Pylon  
  66  7:51  Pylon  
  66  7:56  Photon Cannon  
  66  8:02  Carrier  
  66  8:03  Robotics Facility  
  72  8:35  Protoss Air Armor Level 1  
  72  8:47  Probe, Cybernetics Core  
  73  8:50  Photon Cannon, Carrier  
  79  8:57  Observer  
  79  8:59  Probe  
  81  9:11  Probe  
  82  9:19  Observer  
  82  9:23  Probe  
  84  9:29  Photon Cannon  
  84  9:32  Photon Cannon  
  84  9:35  Photon Cannon  
  84  9:46  Protoss Air Weapons Level 2  
  84  9:50  Anion Pulse-Crystals  
  84  9:52  Carrier  
  90  10:17  Probe  
  91  10:29  Probe  
  91  10:30  Pylon  
  91  10:33  Pylon  
  92  10:38  Photon Cannon  
  92  10:41  Carrier, Photon Cannon  
  98  11:04  Probe  
  99  11:14  Probe  
  100  11:25  Photon Cannon  
  100  11:26  Probe  
  100  11:27  Photon Cannon  
  101  11:35  Stargate  
  101  11:38  Probe  
  102  11:42  Pylon  
  102  11:45  Pylon  
  102  11:48  Pylon  
  102  11:49  Carrier  
  108  12:11  Stargate  
  108  12:18  Stargate  
  108  12:21  Photon Cannon  
  108  12:22  Photon Cannon  
  71  12:50  Phoenix  
  69  12:56  Phoenix x2  
  35  13:51  Pylon  
  35  13:52  Pylon  
  35  13:54  Pylon  
  35  14:04  Gateway  
Show
View Real Time Build Order
Export as new Build Order

IHEROSIRodrk Zerg 

Build Orders: Hatch First 

Get SALT Encoding   

  12  3:37  Drone  
  12  3:38  Drone  
  14  3:50  Overlord x2  
  14  3:55  Hatchery  
  13  3:57  Spawning Pool  
  13  3:59  Extractor  
  13  4:02  Hatchery  
  10  4:10  Drone  
  10  4:11  Drone  
  12  4:22  Drone  
  13  4:33  Drone  
  14  4:44  Drone  
  15  4:46  Queen  
  17  4:57  Drone  
  18  5:08  Drone  
  18  5:10  Queen  
  18  5:11  Drone  
  22  5:14  Queen  
  22  5:15  Drone  
  22  5:16  Drone  
  22  5:20  Metabolic Boost  
  26  5:28  Drone  
  26  5:29  Drone x2  
  26  5:34  Hatchery  
  28  5:36  Drone  
  28  5:38  Drone  
  30  5:45  Lair  
  30  5:48  Drone, Extractor  
  30  5:52  Drone  
  30  5:54  Drone x2  
  30  5:55  Drone  
  34  5:58  Drone x2  
  34  5:59  Drone  
  34  6:03  Extractor  
  36  6:16  Drone  
  36  6:18  Drone x4  
  41  6:19  Overlord  
  41  6:23  Drone  
  42  6:40  Extractor  
  42  6:41  Drone  
  42  6:42  Drone x3  
  45  6:51  Spire  
  44  6:56  Drone  
  44  6:57  Drone x11  
  44  6:59  Overlord x3  
  56  7:17  Queen  
  56  7:18  Drone x2  
  56  7:19  Drone  
  61  7:24  Drone x5  
  66  7:30  Extractor x2  
  66  7:35  Spire  
  63  7:44  Overseer  
  63  7:47  Pneumatized Carapace, Overseer  
  63  7:50  Drone x2  
  65  7:53  Spore Crawler  
  65  7:54  Spore Crawler  
  63  8:02  Drone  
  63  8:03  Drone  
  65  8:07  Corruptor x4  
  73  8:26  Spore Crawler, Drone x4  
  73  8:27  Drone  
  77  8:36  Spore Crawler  
  76  8:37  Spore Crawler  
Show
View Real Time Build Order
Export as new Build Order

Twosmart Terran 

Build Orders: Cyclone Opening 

Get SALT Encoding   

  12  0:02  SCV  
  13  0:14  SCV  
  13  0:19  Supply Depot  
  14  0:26  SCV  
  15  0:34  Refinery  
  15  0:45  Barracks  
  15  0:48  SCV  
  16  0:57  Supply Depot  
  16  1:00  SCV  
  17  1:12  SCV  
  18  1:26  Refinery  
  18  1:35  Bunker  
  18  1:37  Marine  
  19  1:50  Orbital Command  
  19  1:55  Marine  
  19  1:58  Factory  
  20  2:13  Marine  
  21  2:27  SCV  
  22  2:30  Marine  
  23  2:46  Cyclone  
  23  2:51  Barracks  
  26  2:52  Marine  
  27  3:10  Marine  
  27  3:11  Starport  
  28  3:28  Marine  
  29  3:38  Factory Tech Lab  
  29  3:52  Engineering Bay  
  29  3:56  Command Center, Starport Tech Lab  
  29  4:05  Starport  
  29  4:37  Cloaking Field  
  29  4:46  Starport Tech Lab  
  29  4:51  Supply Depot  
  29  4:54  Banshee  
  31  5:24  Missile Turret  
  31  5:26  Missile Turret  
  31  5:28  Missile Turret  
  31  5:46  Supply Depot  
  31  5:57  Banshee  
  34  6:23  Missile Turret  
  34  6:36  SCV x2  
  36  6:48  SCV  
  36  6:51  Missile Turret  
  36  7:12  Missile Turret  
  36  7:49  Hi-Sec Auto Tracking  
  36  7:52  Missile Turret  
  36  8:10  Banshee x2  
  36  8:12  Missile Turret  
  36  8:24  Planetary Fortress  
  36  8:28  Refinery  
  36  8:32  Refinery  
  36  8:35  SCV  
  37  8:47  SCV  
  38  8:53  Banshee x2  
  44  8:59  SCV  
  44  9:00  Barracks Tech Lab  
  45  9:11  SCV  
  40  9:32  Fusion Core  
  40  9:38  Terran Infantry Weapons Level 1  
  40  9:41  Starport x3, Stimpack  
  40  9:45  Liberator  
  40  9:56  Armory  
  43  10:12  SCV x2  
  45  10:24  SCV  
  45  10:25  Command Center  
  46  10:45  Armory  
  46  11:05  SCV x2  
  42  11:17  SCV x2, Starport Tech Lab  
  44  11:18  Starport Tech Lab  
  44  11:25  Starport Tech Lab  
  44  11:29  SCV x2  
  46  11:36  Battlecruiser x2  
  46  11:38  Terran Ship Weapons Level 1  
  58  11:42  Terran Vehicle And Ship Armor Level 1  
  58  11:49  Orbital Command  
  58  11:55  SCV x2  
  60  12:03  Refinery  
  60  12:07  Refinery  
  61  12:22  SCV  
  61  12:32  Supply Depot  
  61  12:33  Supply Depot  
  61  12:34  Supply Depot  
  61  12:54  SCV x2, Battlecruiser  
  61  12:55  SCV, Battlecruiser  
  82  13:31  SCV x3  
Show
View Real Time Build Order
Export as new Build Order

MasterChief Terran 

Build Orders:  

Get SALT Encoding   

  12  0:38  Command Center  
  12  1:28  Supply Depot  
  12  1:33  SCV  
  12  1:37  Refinery  
  12  1:38  Refinery  
  13  1:45  SCV  
  14  1:55  Supply Depot  
  14  1:57  SCV  
  15  2:09  SCV  
  15  2:12  Barracks  
  17  2:22  SCV  
  17  2:32  SCV  
  17  2:35  SCV  
  19  2:44  SCV  
  19  2:47  SCV  
  21  2:55  Supply Depot  
  21  2:56  SCV  
  22  3:00  Marine  
  23  3:08  SCV  
  23  3:09  Supply Depot  
  23  3:11  Supply Depot  
  24  3:18  Marine  
  25  3:29  Supply Depot  
  25  3:34  Bunker  
  25  3:36  Marine  
  25  3:38  Supply Depot  
  26  3:45  Refinery  
  26  3:46  Orbital Command  
  26  3:49  Refinery  
  26  3:54  Marine  
  27  4:01  Supply Depot  
  27  4:02  Engineering Bay  
  27  4:13  Factory  
  27  4:32  Command Center  
  27  4:42  Missile Turret  
  27  4:52  Orbital Command  
  27  5:08  Factory Reactor  
  27  5:09  Starport  
  27  5:25  Starport  
  27  5:40  SCV  
  28  5:45  Refinery  
  28  5:47  Starport Reactor  
  28  5:52  SCV  
  29  6:03  Starport, SCV  
  30  6:05  Starport, SCV  
  31  6:11  Refinery  
  31  6:12  Orbital Command  
  31  6:15  SCV  
  32  6:25  Armory  
  32  6:28  Armory  
  32  6:39  Starport Reactor  
  32  6:41  Starport Reactor  
  32  6:44  Starport Tech Lab  
  32  6:47  SCV  
  33  6:59  SCV  
  34  7:15  Fusion Core  
  34  7:18  Terran Vehicle And Ship Armor Level 1  
  34  7:19  Terran Ship Weapons Level 1  
  34  7:25  Viking x3  
  34  7:26  Viking  
  34  7:28  SCV  
  43  7:32  SCV x2  
  45  7:40  SCV  
  47  7:44  SCV x2  
  48  7:53  SCV  
  48  7:56  SCV x2  
  51  8:01  Viking  
  51  8:02  Viking x3  
  51  8:05  SCV  
  60  8:07  Advanced Ballistics  
  60  8:08  SCV x2  
  62  8:18  Starport  
  62  8:20  Viking  
  62  8:23  SCV x2  
  62  8:24  SCV  
  67  8:34  Viking  
  67  8:35  SCV, Liberator, Viking  
  72  8:44  Starport  
  72  8:47  SCV  
  73  8:49  Viking  
  78  8:59  Starport Tech Lab  
  78  9:14  Viking x3  
  78  9:15  Liberator  
  78  9:16  Liberator  
  84  9:26  Corvid Reactor  
  84  9:37  Terran Vehicle And Ship Armor Level 2  
  90  9:39  Terran Ship Weapons Level 2  
  90  9:46  SCV x3  
  93  9:54  Liberator  
  93  9:55  Liberator  
  93  9:56  Liberator  
  93  9:58  SCV x2  
  95  10:07  Starport Tech Lab  
  104  10:14  Viking  
  104  10:15  Viking  
  108  10:24  Sensor Tower  
  108  10:29  Missile Turret  
  108  10:58  Command Center  
  108  11:06  Hi-Sec Auto Tracking  
  108  11:18  Missile Turret  
  108  11:21  Missile Turret  
  108  11:35  Supply Depot  
  108  11:36  Supply Depot x2  
  108  11:38  Supply Depot  
  108  11:40  Missile Turret, Liberator x2  
  108  11:42  Missile Turret  
  108  11:55  SCV  
  108  11:57  SCV x2, Viking x7  
  108  11:59  Supply Depot  
  108  12:01  Supply Depot x2  
  131  12:02  Supply Depot, Missile Turret  
  131  12:03  Building Armor, Missile Turret  
  131  12:08  SCV  
  132  12:09  SCV  
  133  12:25  Missile Turret  
  133  12:27  Viking  
  130  12:40  Planetary Fortress  
  130  13:19  Missile Turret  
  130  13:20  Missile Turret x2  
  130  13:23  Missile Turret  
  130  13:24  SCV  
  131  13:28  Viking x4  
  131  13:29  Viking x5  
  149  13:36  SCV  
  149  13:39  Missile Turret  
  150  13:41  Missile Turret  
  150  13:42  Missile Turret  
  150  13:48  SCV  
  151  14:00  Command Center  
Show
View Real Time Build Order
Export as new Build Order

Lucid Terran 

Build Orders: Command Center First (CC) 

Get SALT Encoding   

  12  0:01  SCV  
  13  0:13  SCV  
  14  0:25  SCV  
  15  0:58  Command Center  
  15  1:04  Supply Depot  
  15  1:29  Barracks  
  15  1:41  Refinery  
  15  1:42  SCV  
  15  1:43  Refinery  
  16  1:53  Barracks  
  16  1:56  SCV  
  17  2:18  Orbital Command  
  17  2:19  Orbital Command  
  17  2:45  Factory  
  17  2:53  SCV  
  17  2:56  SCV  
  19  3:04  Engineering Bay  
  19  3:06  Marine x2  
  19  3:10  SCV  
  19  3:12  SCV  
  23  3:24  SCV  
  24  3:28  Factory Tech Lab  
  24  3:44  Missile Turret  
  24  3:51  Missile Turret  
  24  3:53  Missile Turret  
  27  3:55  Siege Tank  
  27  4:04  Marine x2  
  27  4:05  Starport  
  29  4:36  Siege Tank  
  32  4:40  Barracks Reactor  
  32  4:42  Barracks Reactor  
  32  4:44  Starport Reactor  
  32  5:38  Sensor Tower  
  32  5:46  Supply Depot x2  
  32  5:48  Supply Depot  
  32  5:49  Missile Turret  
  32  5:53  Supply Depot  
  32  6:07  Marine x4  
  32  6:08  Siege Tank, SCV  
  40  6:20  SCV  
  40  6:24  SCV  
  42  6:26  Refinery  
  42  6:31  Refinery  
  42  6:32  SCV  
  43  6:36  SCV  
  44  6:42  Factory  
  44  6:44  SCV  
  44  6:46  Barracks  
  45  6:48  SCV  
  46  6:55  Barracks  
  46  7:00  SCV  
  38  7:12  Marine x3, SCV  
  38  7:13  Marine  
  43  7:27  Factory Tech Lab  
  43  7:29  Armory  
  43  7:30  Marine x2  
  43  7:34  Marine x2  
  47  7:48  Marine x2  
  49  7:51  Barracks Tech Lab  
  49  7:52  Marine x2  
  51  8:01  SCV  
  51  8:03  Barracks Tech Lab  
  52  8:05  Marine  
  52  8:11  Supply Depot  
  52  8:12  Supply Depot  
  53  8:13  SCV  
  53  8:15  Supply Depot  
  53  8:19  Thor  
  60  8:25  SCV  
  61  8:30  Stimpack  
  61  8:31  Combat Shields  
  61  8:32  Thor  
  67  8:35  Marine  
  67  8:36  Marine x4  
  67  8:37  Marine, SCV  
  74  8:49  SCV  
  77  9:02  Building Armor  
  75  9:04  Missile Turret  
  56  9:41  Thor x2  
  56  9:43  Marine  
  56  9:44  Marine x5  
  74  9:50  SCV  
  75  9:54  Refinery  
  75  10:00  Missile Turret  
  75  10:01  Marine  
  75  10:02  SCV x2  
  78  10:14  SCV  
  78  10:15  SCV  
  80  10:26  SCV  
  80  10:27  SCV  
  82  10:30  Marine  
  82  10:31  Marine x3  
  86  10:40  Supply Depot  
  86  10:41  Supply Depot  
  86  10:42  Supply Depot, Hi-Sec Auto Tracking  
  86  10:43  Supply Depot x2  
  86  10:46  Supply Depot  
  86  10:49  Supply Depot  
  86  11:02  Marine x2, Thor x2  
  86  11:03  SCV  
  101  11:19  Command Center  
  101  11:36  Marine  
  101  11:37  Marine x5  
  107  11:45  Thor  
  107  11:46  Thor  
  119  11:54  Marine  
  119  11:56  Factory  
  120  12:13  Missile Turret  
  120  12:18  Missile Turret  
  120  12:22  Missile Turret x2  
  120  12:23  Marine, Missile Turret  
  120  12:24  Marine x5  
  126  12:40  Armory  
  126  12:41  Marine x4, Planetary Fortress  
  130  12:46  Refinery  
  130  12:48  Refinery  
Show
View Real Time Build Order
Export as new Build Order

CptPattison Protoss 

Build Orders:  

Get SALT Encoding   

  12  0:16  Pylon  
  12  0:19  Probe  
  13  0:31  Probe  
  14  0:38  Forge  
  14  0:49  Probe  
  15  0:59  Pylon  
  15  1:01  Probe  
  16  1:13  Probe  
  17  1:22  Assimilator  
  17  1:25  Gateway  
  17  1:26  Probe  
  18  1:33  Pylon  
  18  1:36  Assimilator  
  18  1:39  Probe  
  19  2:21  Cybernetics Core  
  19  2:24  Photon Cannon  
  19  2:26  Probe  
  20  2:42  Zealot  
  22  2:45  Probe  
  22  2:48  Photon Cannon  
  23  2:51  Photon Cannon  
  23  2:53  Photon Cannon  
  23  2:57  Probe  
  24  3:03  Photon Cannon  
  24  3:15  Pylon  
  24  3:38  Probe  
  25  3:48  Nexus  
  25  3:51  Probe  
  26  3:58  Pylon  
  26  4:04  Protoss Air Weapons Level 1  
  26  4:44  Stargate  
  26  4:51  Pylon  
  26  5:02  Stargate  
  26  5:14  Stargate  
  26  5:15  Pylon  
  26  5:31  Probe  
  27  5:43  Probe  
  28  5:53  Void Ray, Assimilator  
  28  5:55  Probe  
  33  5:57  Void Ray  
  33  5:58  Protoss Air Armor Level 1  
  37  6:08  Probe  
  38  6:14  Photon Cannon  
  38  6:18  Photon Cannon  
  38  6:20  Probe  
  38  6:21  Photon Cannon  
  39  6:32  Probe  
  40  6:40  Fleet Beacon  
  40  6:44  Probe, Pylon  
  41  6:56  Probe  
  38  7:17  Void Ray  
  38  7:18  Void Ray  
  46  7:27  Graviton Catapult  
  46  7:32  Probe  
  46  7:36  Assimilator  
  47  7:44  Probe  
  48  7:52  Protoss Air Weapons Level 2  
  48  7:55  Stargate  
  48  7:56  Probe  
  49  8:15  Probe  
  50  8:26  Carrier  
  56  8:27  Probe  
  57  8:36  Pylon  
  57  8:40  Probe  
  58  8:52  Probe  
  59  9:00  Carrier (Chrono Boost)  
  59  9:01  Carrier (Chrono Boost)  
  71  9:53  Carrier (Chrono Boost)  
  71  9:54  Carrier (Chrono Boost)  
  83  10:05  Probe  
  84  10:15  Protoss Air Weapons Level 3  
  84  10:17  Probe  
  85  10:29  Probe  
  86  11:24  Carrier x2  
  98  11:53  Pylon  
  98  11:56  Pylon  
  98  11:58  Pylon  
  98  12:11  Carrier (Chrono Boost)  
  104  12:47  Carrier (Chrono Boost)  
Tags
 
Add a new tag
Caveats
  • Supply blocks, unpowered buildings, or Contaminate may cause inaccurate times.
  • Supply counts are checked every 10 seconds.